 Dungeon Crawl Stone Soup version 0.31-a0-1074-g0b22e4e0f1 (webtiles) character file.

Game seed: 18060805395853076109

10 seasailer the Chiller (level 2, 20/20 HPs)
             Began as a Draconian Ice Elementalist on Dec 7, 2023.
             Quit the game on level 1 of the Dungeon.
             The game lasted 00:05:32 (691 turns).

seasailer the Chiller (Draconian Ice Elementalist)   Turns: 691, Time: 00:05:32

Health: 20/20      AC:  4    Str: 10    XL:     2   Next: 10%
Magic:  5/5        EV: 12    Int: 15    God:
Gold:   73         SH:  0    Dex: 11    Spells: 4/5 levels left

rFire   . . .        b - +0 short sword
rCold   . . .        (no shield)
rNeg    . . .        (body armour unavailable)
rPois   .            (helmet restricted)
rElec   .            (no cloak)
rCorr   .            (no gloves)
SInv    .            (no boots)
Will    .....        (no amulet)
Stlth   ++           (no ring)
HPRegen 0.23/turn    (no ring)
MPRegen 0.09/turn

%: no passive effects
@: no status effects
A: AC +4, unfitting armour, cold-blooded
a: no special abilities


You were on level 1 of the Dungeon.
You visited 1 branch of the dungeon, and saw 1 of its levels.

You collected 73 gold pieces.

Inventory:

Hand Weapons
 b - a +0 short sword (weapon)
Missiles
 h - 3 poisoned darts
Scrolls
 c - a scroll of vulnerability {unknown}
 d - a scroll of identify {unknown}
 e - a scroll of fog {unknown}
 f - a scroll of revelation {unknown}
 g - a scroll of blinking {unknown}
Potions
 a - a potion of magic


   Skills:
 + Level 1.9 Dodging
 + Level 1.7 Stealth
 + Level 2.0 Spellcasting
 + Level 4.4 Ice Magic


You had 4 spell levels left.
You knew the following spells:

 Your Spells              Type           Power      Damage    Failure   Level
a - Freeze                Ice            56%        1d7       3%          1

Your spell library contained the following spells:

 Spells                   Type           Power      Damage    Failure   Level
 Frozen Ramparts          Ice            28%        1d5       11%         3
 Ozocubu's Armour         Ice            14%        N/A       11%         3
 Summon Ice Beast         Ice/Summ       8%         N/A       65%         4


Dungeon Overview and Level Annotations

Branches:
Dungeon (1/15)

Altars:

Shops:
D:1 (


Innate Abilities, Weirdness & Mutations

Your plain brown scales are hard. (AC +4)
You cannot fit into any form of body armour.
You are cold-blooded and may be slowed by cold attacks.


Message History

Found 15 gold pieces.
f - a scroll labelled UJU KAWYGOZ A goblin comes into view.
It is wielding a +0 dagger.
The goblin shouts!
The goblin hits you but does no damage.
You see here 15 gold pieces.
You barely miss the goblin. The goblin hits you but does no damage.
You hit the goblin but do no damage. The goblin closely misses you.
You barely miss the goblin. The goblin hits you but does no damage.
You hit the goblin but do no damage. The goblin hits you with a +0 dagger.
You hit the goblin.
The goblin is moderately wounded.
The goblin hits you but does no damage.
You barely miss the goblin.
The goblin is moderately wounded.
The goblin hits you with a +0 dagger.
You hit the goblin but do no damage.
The goblin is moderately wounded.
The goblin hits you with a +0 dagger.
You hit the goblin. You tail-slap the goblin.
You kill the goblin!
You see here a +0 dagger.
You see here a +0 dagger.
You now have 73 gold pieces (gained 15).
You see here a +0 dagger.
Found a stone staircase leading down.
There is a stone staircase leading down here.
A ball python comes into view.
Found 3 poisoned darts.
The helpless ball python fails to defend itself.
You hit the ball python.
You kill the ball python!
You see here a ball python corpse.
g - a scroll labelled OWNUIV WOWIRPH You see here 3 poisoned darts.
h - 3 poisoned darts You swing at nothing.
Unknown command.
There is a stone staircase leading down here.
Are you sure you want to abandon this character and quit the game? (Confirm with "yes".)

##########
###########.@.......
###
#..>........###.####
..# #.#########.# ...
#.###.####### #.###.#
##
#...........###)....##.
. .
#.###.#####............
..#### ..# #.#
#####....###. ...# ###
#.# #####...#.... .. ..
# #.## #......###.....#
#


There were no monsters in sight!

Vanquished Creatures
  2 bats (D:1)
  A hobgoblin (D:1)
  A kobold (D:1)
  3 ball pythons (D:1)
  A frilled lizard (D:1)
  2 goblins (D:1)
10 creatures vanquished.

Notes
Turn   | Place    | Note
-------+----------+-------------------------------------------
     0 | D:1      | seasailer the Draconian Ice Elementalist began the quest
                  | for the Orb.
     0 | D:1      | Reached XP level 1. HP: 14/14 MP: 3/3
   452 | D:1      | Found Siaweaveim's Antique Weapon Emporium.
   535 | D:1      | Reached XP level 2. HP: 20/20 MP: 5/5
   691 | D:1      | Quit the game

Illustrated notes

Levels and vault maps discovered:
D:1:      tarquinn_simple_flora_water_b, layout_loops_ring, serial_shops, shop,
          chequers_serial_rivers_small_3

Action                     || total
---------------------------++-------
  Melee: Short sword       ||    49
         Tailslap          ||     1
   Stab: Sleeping          ||     1
 Armour: Skin              ||    32
  Dodge: Dodged            ||    33

Table legend: (Time is in decaauts)
 A = Elapsed time spent in this place.
 B = Non-inter-level travel time spent in this place.
 C = Inter-level travel time spent in this place.
 D = Time resting spent in this place.
 E = Time spent auto-exploring this place.
 F = Levels seen in this place.
 G = Mean time per level.
                   A        B        C        D        E       F      G
               +--------+--------+--------+--------+--------+-----+--------+
         Total |    695 |    130 |    565 |      0 |      0 |   1 |  695.0 |
       Dungeon |    695 |    130 |    565 |      0 |      0 |   1 |  695.0 |
               +--------+--------+--------+--------+--------+-----+--------+

Top non-repeatable levels by time:
     D:1: 695 daAuts
